 Dungeon Crawl Stone Soup version 0.25-a0-425-g0e000e855e (webtiles) character file.

Game seed: 8450329527611480739, levelgen mode: deterministic

12 Nattfarinn the Ducker (level 2, 23/23 HPs)
             Began as a Minotaur Venom Mage on Jan 24, 2020.
             Quit the game on level 1 of the Dungeon.
             The game lasted 00:00:47 (588 turns).

Nattfarinn the Ducker (Minotaur Venom Mage)          Turns: 588, Time: 00:00:47

Health: 23/23      AC:  2    Str: 12    XL:     2   Next: 20%
Magic:  3/3        EV: 12    Int: 12    God:
Gold:   33         SH:  0    Dex: 10    Spells: 2/3 levels left

rFire    . . .     SeeInvis .   e - +0 whip
rCold    . . .     Gourm    .   (no shield)
rNeg     . . .     Faith    .   a - +0 robe
rPois    .         Spirit   .   (helmet restricted)
rElec    .         Reflect  .   (no cloak)
rCorr    .         Harm     .   (no gloves)
MR       .....                  (no boots)
Stlth    ++........             (no amulet)
HPRegen  0.07/turn              (no ring)
MPRegen  0.08/turn              (no ring)

@: no status effects
A: retaliatory headbutt, horns 2
a: no special abilities


You were on level 1 of the Dungeon.
You were not hungry.

You visited 1 branch of the dungeon, and saw 1 of its levels.

You collected 33 gold pieces.

Inventory:

Hand Weapons
 e - a +0 whip (weapon)
Armour
 a - a +0 robe (worn)
Scrolls
 g - a scroll of identify {unknown}
Potions
 b - a potion of berserk rage {unknown}
 d - 2 potions of haste {unknown}
 h - a potion of curing {unknown}
Comestibles
 c - a ration
 f - 2 chunks of flesh


   Skills:
 * Level 1.3 Fighting
 + Level 0.8 Armour
 + Level 2.4 Dodging
 - Level 1.6 Stealth
 - Level 1.4 Spellcasting
 - Level 0.8 Transmutations
 - Level 2.2 Poison Magic


You had 2 spell levels left.
You knew the following spells:

 Your Spells              Type           Power        Failure   Level  Hunger
a - Sting                 Tmut/Pois      #...         16%         1    ##.....

Your spell library contained the following spells:

 Spells                   Type           Power        Failure   Level  Hunger
 Poisonous Vapours        Pois/Air       #.....       28%         2    ###....
 Ignite Poison            Fire/Tmut/Pois #.......     50%         3    ####...
 Mephitic Cloud           Conj/Pois/Air  #.......     54%         3    ####...
 Olgreb's Toxic Radiance  Pois           #.......     75%         4    #####..


Dungeon Overview and Level Annotations

Branches:
Dungeon (1/15)

Altars:


Innate Abilities, Weirdness & Mutations

You reflexively headbutt those who attack you in melee.
You have a pair of horns on your head.


Message History

You closely miss the frilled lizard. The frilled lizard barely misses you.
You furiously retaliate!
You headbutt the frilled lizard.
You kill the frilled lizard!
No target in view!
No target in view!
No target in view!
No target in view!
No target in view!
No target in view!
No target in view!
No target in view!
No target in view!
No target in view!
No target in view!
No target in view!
You butcher the frilled lizard corpse.
f - 2 chunks of flesh (gained 1)
You see here a frilled lizard skeleton. x2
h - a golden potion Are you sure you want to abandon this character and quit the game? (Confirm with "yes".)

#########...
#.........#
#.........#
#...รท.....#
#.........#
#.........#
#.........#
#...(.....# .#
#.@.......#####...
#..............#..
##...............
#.............#
#.............#
#.............#
#.............#
#.............#
#.............#


There were no monsters in sight!

Vanquished Creatures
  An ooze (D:1)
  A giant cockroach (D:1)
  2 hobgoblins (D:1)
  A bat (D:1)
  A frilled lizard (D:1)
  2 kobolds (D:1)
8 creatures vanquished.

Notes
Turn   | Place    | Note
-------+----------+-------------------------------------------
     0 | D:1      | Nattfarinn the Minotaur Venom Mage began the quest for the
                  | Orb.
     0 | D:1      | Reached XP level 1. HP: 14/14 MP: 1/1
   133 | D:1      | Reached skill level 1 in Fighting
   327 | D:1      | Reached XP level 2. HP: 9/23 MP: 3/3
   588 | D:1      | Quit the game

Levels and vault maps discovered:
D:1:      wheals_arrival_linesprint, layout_basic

Skill      XL: |  1 |
---------------+----+-----
Fighting       | 1 |  1.3
Armour         | |  0.8
Dodging        | |  2.4
Stealth        | |  1.6
Spellcasting   | |  1.4
Transmutations | |  0.8
Poison Magic   | |  2.2

Action                   || total
-------------------------++-------
Melee: Unarmed           ||    27
       Headbutt          ||     3
       Whip              ||     6
Armor: Robe              ||     6
Dodge: Dodged            ||    16

Table legend:
 A = Non-vault XP
 B = Vault XP
 C = Vault XP percentage of total XP
 D = Non-vault monster count
 E = Vault monster count
 F = Vault count percentage of total count
                 A         B        C        D         E       F
            +---------+---------+-------+---------+---------+-------
      Total |      18 |       0 |   0.0 |       8 |       0 |   0.0
            +---------+---------+-------+---------+---------+-------
        D:1 |      18 |       0 |   0.0 |       8 |       0 |   0.0
            +---------+---------+-------+---------+---------+-------
